 Dungeon Crawl Stone Soup version 0.20.0-8-g6b59dc7 (webtiles) character file.

82 MTVSty1e the Ruffian (level 4, -3/36 HPs)
             Began as a Draconian Transmuter on May 30, 2017.
             Killed by nerve-wracking pain
             ... invoked by an orc priest
              (13 damage)
             ... on level 3 of the Dungeon.
             The game lasted 00:03:51 (2079 turns).

MTVSty1e the Ruffian (Draconian Transmuter)         Turns: 2079, Time: 00:03:53

Health: -3/36      AC:  2    Str: 13    XL:     4   Next: 21%
Magic:  4/7        EV: 20    Int: 14    God:
Gold:   86         SH:  0    Dex: 16    Spells: 1/7 levels left

rFire    . . .     SeeInvis .     - Unarmed
rCold    . . .     Gourm    .   (shield currently unavailable)
rNeg     . . .     Faith    .   (armour unavailable)
rPois    x         Spirit   .   (helmet currently unavailable)
rElec    .         Reflect  .   (cloak currently unavailable)
rCorr    .         Harm     .   (gloves currently unavailable)
MR       .....                  (boots currently unavailable)
Stlth    +.........             (no amulet)
Regen    0.2/turn               (no ring)
MPRegen  0.1/turn               (no ring)

@: spider-form (expiring), very slightly contaminated
A: unfitting armour, AC +5
a: End Transformation


You were on level 3 of the Dungeon.
You were not hungry.
You were a venomous arachnid creature.
You visited 1 branch of the dungeon, and saw 3 of its levels.

You collected 86 gold pieces.

Inventory:

Missiles
 a - 41 arrows
Armour
 n - a +0 shield
Scrolls
 e - 2 scrolls of recharging {unknown}
 f - a scroll of amnesia {unknown}
 g - 2 scrolls of noise {unknown}
 i - a scroll of remove curse {unknown}
 j - a scroll of immolation {unknown}
 k - 4 scrolls of teleportation {unknown}
 m - 2 scrolls of identify {unknown}
Potions
 d - a potion of curing {unknown}
Books
 b - a book of Changes

   Spells                             Type                      Level
   a - Beastly Appendage              Transmutation                1
   b - Sticks to Snakes               Transmutation                2
   c - Spider Form                    Transmutation/Poison         3
   d - Ice Form                       Ice/Transmutation            4
   e - Blade Hands                    Transmutation                5
Comestibles
 c - 3 bread rations
 h - 2 meat rations
 l - 5 fruits


   Skills:
 + Level 2.1 Fighting
 + Level 2.2 Dodging
 + Level 0.0 Shields
 * Level 3.9 Unarmed Combat
 + Level 2.3 Spellcasting
 + Level 2.4 Transmutations


You had one spell level left.
You knew the following spells:

 Your Spells              Type           Power        Failure   Level  Hunger
a - Beastly Appendage     Tmut           #.....       22%         1    #......
b - Sticks to Snakes      Tmut           #.......     30%         2    ###....
c - Spider Form           Tmut/Pois      #.........   61%         3    ###....


Dungeon Overview and Level Annotations

Branches:
Dungeon (3/15)

Altars:


Innate Abilities, Weirdness & Mutations

((Your plain brown scales are hard. (AC +5)))
You cannot fit into any form of body armour.
((You are cold-blooded and may be slowed by cold attacks.))


Message History

Unknown command.
Casting: Beastly Appendage
Confirm with . or Enter, or press ? or * to list all spells.
You turn into a venomous arachnid creature.
Your transformation is almost over.
The frilled lizard barely misses you.
You barely miss the frilled lizard. The frilled lizard bites you.
* * * LOW HITPOINT WARNING * * *
The orc priest looks encouraged for a moment.
You hit the frilled lizard.
You kill the frilled lizard!
You barely miss the orc priest.
The orc priest is moderately wounded.
The orc priest casts a cantrip, but nothing happens.
You hit the orc priest but do no damage.
The orc priest is poisoned.
The orc priest is moderately wounded.
The orc priest invokes the aid of Beogh against you.
Pain shoots through your body!
You die...

....#...........#
##....#...........#
..................+
..................#
.....#....$.......#
.....# !.o....o..#
.....# #......#o##
.....##.#.######o#
.....##.#.# #s#
.....# .#.# #.#
.....# ...# #.#
###### #..# #.#
#..# #.#
########..# #.#
..........## #.#
...######..### #.#
...# #.....# #.#


You could see an orc priest and 2 orcs.

Vanquished Creatures
  Jessica (D:2)
  2 adders
  A worm (D:2)
  5 giant cockroaches
  A goblin (D:1)
  5 hobgoblins
  3 jackals (D:1)
  4 bats
  A frilled lizard (D:3)
  4 kobolds
  10 rats
37 creatures vanquished.

Notes
Turn   | Place    | Note
-------+----------+-------------------------------------------
     0 | D:1      | MTVSty1e the Draconian Transmuter began the quest for the Orb.
     0 | D:1      | Reached XP level 1. HP: 16/16 MP: 3/3
   284 | D:1      | Reached XP level 2. HP: 17/23 MP: 3/5
   758 | D:1      | Learned a level 2 spell: Sticks to Snakes
   932 | D:2      | Noticed Jessica
   940 | D:2      | Killed Jessica
   940 | D:2      | Reached XP level 3. HP: 20/29 MP: 4/6
   945 | D:2      | Learned a level 3 spell: Spider Form
  1359 | D:2      | Reached XP level 4. HP: 35/36 MP: 5/7
  2079 | D:3      | Killed from afar by an orc priest

Skill      XL: |  1  2  3 |
---------------+----------+-----
Dodging        | 2 |  2.2
Fighting       | 2 |  2.1
Unarmed Combat | |  3.9
Spellcasting   | |  2.3
Transmutations | |  2.4

Action                   |  1- 3 |  4- 6 || total
-------------------------+-------+-------++-------
Melee: Unarmed           |    88 |    26 ||   114
       Tailslap          |     8 |       ||     8
       Headbutt          |     7 |     1 ||     8
       Kick              |     2 |       ||     2
       Punch             |     1 |       ||     1
 Cast: Beastly Appendage |    18 |     4 ||    22
       Spider Form       |       |     1 ||     1
  Eat: Fruit             |     1 |       ||     1
       Chunk             |       |     2 ||     2
       Bread ration      |       |     1 ||     1
Armor: Skin              |    31 |     9 ||    40
Dodge: Dodged            |    54 |     7 ||    61
